Canadiens vs Sabres
Created - November 11, 2018 at 21:47
Goals
|
| Canadiens |
0 |
2 |
1 |
0 |
1 |
4 |
| Sabres |
1 |
1 |
1 |
0 |
0 |
3 |
|
Shots
|
| Canadiens |
7 |
8 |
10 |
0 |
3 |
25 |
| Sabres |
11 |
5 |
7 |
0 |
3 |
23 |
|
1st period
1. Sabres , Scottie Upshall 2 (Jared Cowen 6) at 4:32
Penalties :
Dustin Boyd (Mon) for Holding (Minor) at 2:26, Luke Schenn (Mon) for Cross-checking (Minor) at 11:54
2nd period
2. Canadiens , Alexander Frolov 5 (Jason Spezza 8, Joe Pavelski 6) at 4:31
3. Canadiens , Greg Stewart 7 (Sidney Crosby 10, Dustin Kohn 1) at 10:08
4. Sabres , Evander Kane 7 (Ryan O'Reilly 9) at 12:37
Penalties :
Dustin Boyd (Mon) for High sticking (Minor) at 5:53
3rd period
5. Canadiens , Brett Maclean 4 (Dustin Boyd 5) at 3:38
6. Sabres , Ronalds Kenins 1 (Vincent Lecavalier 6, Michael Kostka 4) at 14:06
Penalties :
Dustin Boyd (Mon) for Hooking (Minor) at 6:15
Overtime #1
No Goal
Penalties :
No Penalty
Shootout
Penalty Shot by Sidney Crosby for Canadiens - Stopped by Robin Lehner
Penalty Shot by Evander Kane for Sabres - Stopped by Henrik Lundqvist
Penalty Shot by Jason Spezza for Canadiens - Stopped by Robin Lehner
Penalty Shot by Vincent Lecavalier for Sabres - Stopped by Henrik Lundqvist
Penalty Shot by Greg Stewart for Canadiens - Goal!
Penalty Shot by Ryan O'Reilly for Sabres - Stopped by Henrik Lundqvist
Penalties :
No Penalty
Goalie Stats
Henrik Lundqvist (Mon), 20 saves from 23 shots - (0.870), W, 6-5-1, 65:00 minutes
Robin Lehner (Buf), 22 saves from 25 shots - (0.880), OTL, 6-2-1, 65:00 minutes
Players Stats for Canadiens
Player Name G A P +/- PIM S H SB GA TA FO MP PP MP PK MP
------------------------------------------------------------------------------------
Adam Pardy 0 0 0 -2 0 0 2 0 0 1 0/0 19:19 0:00 3:08
Alexander Frolov 1 0 1 -1 0 2 1 2 0 0 0/0 19:25 0:00 4:34
Brett Maclean 1 0 1 1 0 2 1 0 0 0 0/0 12:02 0:00 0:00
Brock Nelson 0 0 0 0 0 3 0 0 0 0 0/0 10:12 0:00 2:12
David Jones 0 0 0 0 0 1 0 0 0 1 0/0 8:58 0:00 1:06
Dustin Boyd 0 1 1 1 6 1 3 0 1 0 2/8 14:35 0:00 0:57
Dustin Kohn 0 1 1 1 0 3 1 2 1 0 0/0 21:09 0:00 3:44
Enver Lisin 0 0 0 1 0 0 2 0 0 1 0/0 12:02 0:00 0:00
Evgeny Dadonov 0 0 0 0 0 0 4 0 0 0 1/1 20:15 0:00 0:00
Greg Stewart 1 0 1 0 0 3 0 0 0 0 0/0 21:28 0:00 0:13
Jason Spezza 0 1 1 -1 0 4 3 0 0 0 7/16 19:07 0:00 4:25
Joe Pavelski 0 1 1 -1 0 0 1 0 0 0 0/0 12:50 0:00 0:00
Luke Schenn 0 0 0 0 2 1 1 1 0 0 0/0 27:38 0:00 3:26
Marcel Goc 0 0 0 0 0 0 0 0 0 0 1/3 9:46 0:00 2:19
Raphael Diaz 0 0 0 0 0 0 2 3 1 1 0/0 23:20 0:00 0:09
Shaone Morrisonn 0 0 0 2 0 1 1 2 0 1 0/0 20:31 0:00 4:39
Sidney Crosby 0 1 1 0 0 4 2 0 0 1 15/30 21:30 0:00 0:15
Wes O'Neill 0 0 0 -1 0 0 2 1 2 0 0/0 17:53 0:00 0:37
Players Stats for Sabres
Player Name G A P +/- PIM S H SB GA TA FO MP PP MP PK MP
------------------------------------------------------------------------------------
Andrei Loktionov 0 0 0 0 0 1 3 0 2 0 5/8 16:32 0:00 0:00
Brad Richardson 0 0 0 0 0 0 0 0 0 0 1/1 13:12 0:00 0:00
Brandon Sutter 0 0 0 1 0 1 2 0 0 0 0/3 9:21 0:00 0:00
Darcy Hordichuk 0 0 0 0 0 2 0 0 0 0 1/1 14:41 0:00 0:00
Evander Kane 1 0 1 -1 0 3 1 1 1 0 0/2 22:01 3:56 0:00
Jakub Kindl 0 0 0 0 0 0 3 0 0 0 0/0 13:47 0:00 0:00
Jared Cowen 0 1 1 0 0 3 0 1 2 0 0/0 25:34 3:54 0:00
Kurtis Foster 0 0 0 0 0 0 2 4 0 1 0/0 14:32 0:00 0:00
Kyle Okposo 0 0 0 -1 0 2 1 0 0 0 0/0 23:21 3:56 0:00
Matt Martin 0 0 0 1 0 0 1 0 0 1 0/0 7:48 0:03 0:00
Michael Kostka 0 1 1 0 0 1 2 2 1 1 0/0 25:13 3:54 0:00
Rob Scuderi 0 0 0 0 0 0 2 1 0 0 0/0 25:39 4:02 0:00
Ronalds Kenins 1 0 1 0 0 2 3 0 0 0 0/2 15:44 3:57 0:00
Ryan O'Reilly 0 1 1 -1 0 1 4 0 0 1 17/30 23:23 3:56 0:00
Scottie Upshall 1 0 1 1 0 1 2 0 0 0 0/0 7:44 0:00 0:00
Vincent Lecavalier 0 1 1 0 0 1 0 0 0 0 8/11 17:36 4:00 0:00
Zach Bogosian 0 0 0 0 0 2 1 1 0 1 0/0 25:15 4:02 0:00
Zack Kassian 0 0 0 0 0 3 1 0 0 0 0/0 18:37 4:00 0:00
3 Stars
1 - Brett Maclean (Mon)
2 - Scottie Upshall (Buf)
3 - Ronalds Kenins (Buf)
Power Play
Canadiens - 0 on 0 Attempt(s) - 0.00%
Sabres - 0 on 4 Attempt(s) - 0.00%
Penalty Kill
Canadiens - 4 on 4 Attempt(s) - 100.00%
- Score 0 goal in Penalty Kill
Sabres - 0 on 0 Attempt(s) - 0.00%
- Score 0 goal in Penalty Kill
Team Stat
Canadiens - Hits : 26 - Faceoff Wins : 26 - Blocked Shots : 11 - Penalty Minutes : 8
Sabres - Hits : 28 - Faceoff Wins : 32 - Blocked Shots : 10 - Penalty Minutes : 0
Official
Referees : Unknown
Linesman : Unknown
Game Notes
No Game Note
Finance
Level 1 -- Attendance: 5285 (88.08%) -- Ticket Income $470,365
Level 2 -- Attendance: 5000 (100.00%) -- Ticket Income $270,000
Level 3 -- Attendance: 1810 (90.50%) -- Ticket Income $63,350
Level 4 -- Attendance: 3619 (90.48%) -- Ticket Income $94,094
Luxury Box -- Attendance: 1000 (100.00%) -- Ticket Income $150,000
Game was played at the Duff Garden.
Total Attendance: 16714 (92.86%)
Total Ticket Income: $1,047,809
Other Income: $157,171
Total Income: $1,204,980
Canadiens
5 vs 5 Forward
Center Left Wing Right Wing Time % Phy DF OF
1 Sidney Crosby Greg Stewart Evgeny Dadonov 40 0 2 3
2 Jason Spezza Alexander Frolov Joe Pavelski 30 0 2 3
3 Dustin Boyd Brett Maclean Enver Lisin 20 0 2 3
4 Marcel Goc Brock Nelson David Jones 10 0 4 1
5 vs 5 Defense
Defense Defense Time % Phy DF OF
1 Luke Schenn Raphael Diaz 40 0 2 3
2 Dustin Kohn Shaone Morrisonn 30 0 2 3
3 Adam Pardy Wes O'Neill 20 1 2 2
4 Luke Schenn Raphael Diaz 10 1 2 2
PowerPlay Forward
Center Left Wing Right Wing Time % Phy DF OF
1 Sidney Crosby Greg Stewart Evgeny Dadonov 60 0 0 5
2 Jason Spezza Alexander Frolov Joe Pavelski 40 0 0 5
PowerPlay Defense
Defense Defense Time % Phy DF OF
1 Raphael Diaz Luke Schenn 60 0 1 4
2 Dustin Kohn Wes O'Neill 40 0 1 4
Penalty Kill 4 Players Forward
Center Wing Time % Phy DF OF
1 Dustin Boyd Alexander Frolov 60 0 4 1
2 Jason Spezza David Jones 40 0 4 1
Penalty Kill 4 Players Defense
Defense Defense Time % Phy DF OF
1 Shaone Morrisonn Luke Schenn 60 1 4 0
2 Adam Pardy Dustin Kohn 40 1 4 0
Penalty Kill - 3 Players Forward
Forward Time % Phy DF OF
1 Dustin Boyd 60 0 5 0
2 Marcel Goc 40 0 5 0
Penalty Kill - 3 Players Defense
Defense Defense Time % Phy DF OF
1 Shaone Morrisonn Luke Schenn 60 0 5 0
2 Wes O'Neill Adam Pardy 40 0 5 0
4 vs 4 Forward
Center Wing Time % Phy DF OF
1 Sidney Crosby Greg Stewart 60 0 2 3
2 Jason Spezza Evgeny Dadonov 40 0 2 3
4 vs 4 Defense
Defense Defense Time % Phy DF OF
1 Dustin Kohn Wes O'Neill 60 0 2 3
2 Luke Schenn Raphael Diaz 40 0 2 3
Last Minutes Offensive
Center Left Wing Right Wing Defense Defense
Sidney Crosby Greg Stewart Evgeny Dadonov Luke Schenn Raphael Diaz
Last Minutes Defensive
Center Left Wing Right Wing Defense Defense
Jason Spezza Alexander Frolov Joe Pavelski Shaone Morrisonn Luke Schenn
Goaltenders
Starting : Henrik Lundqvist
Backup : Allen York
Extra Forwards
Normal : Sidney Crosby, Jason Spezza, Greg Stewart - PP : Sidney Crosby, Jason Spezza - PK : Alexander Frolov
Extra Defensemen
Normal : Luke Schenn, Raphael Diaz, Shaone Morrisonn - PP : Luke Schenn - PK : Shaone Morrisonn, Luke Schenn
Penalty Shots
Sidney Crosby, Jason Spezza, Greg Stewart, Alexander Frolov, Evgeny Dadonov
Scratches
Vitaly Vishnevsky (Strained Back Injury)
Sabres
5 vs 5 Forward
Center Left Wing Right Wing Time % Phy DF OF
1 Ryan O'Reilly Evander Kane Kyle Okposo 38 0 1 4
2 Andrei Loktionov Darcy Hordichuk Zack Kassian 30 0 1 4
3 Vincent Lecavalier Ronalds Kenins Brad Richardson 20 0 1 4
4 Brandon Sutter Matt Martin Scottie Upshall 12 1 1 3
5 vs 5 Defense
Defense Defense Time % Phy DF OF
1 Michael Kostka Jared Cowen 38 0 4 1
2 Rob Scuderi Zach Bogosian 38 0 2 3
3 Kurtis Foster Jakub Kindl 14 0 5 0
4 Kurtis Foster Jakub Kindl 10 0 5 0
PowerPlay Forward
Center Left Wing Right Wing Time % Phy DF OF
1 Ryan O'Reilly Evander Kane Kyle Okposo 50 0 0 5
2 Vincent Lecavalier Ronalds Kenins Zack Kassian 50 0 0 5
PowerPlay Defense
Defense Defense Time % Phy DF OF
1 Michael Kostka Jared Cowen 50 0 1 4
2 Rob Scuderi Zach Bogosian 50 0 1 4
Penalty Kill 4 Players Forward
Center Wing Time % Phy DF OF
1 Brandon Sutter Matt Martin 50 0 5 0
2 Vincent Lecavalier Scottie Upshall 50 0 5 0
Penalty Kill 4 Players Defense
Defense Defense Time % Phy DF OF
1 Jared Cowen Michael Kostka 50 0 5 0
2 Zach Bogosian Rob Scuderi 50 0 5 0
Penalty Kill - 3 Players Forward
Forward Time % Phy DF OF
1 Brandon Sutter 60 0 5 0
2 Zack Kassian 40 0 5 0
Penalty Kill - 3 Players Defense
Defense Defense Time % Phy DF OF
1 Rob Scuderi Jared Cowen 60 0 5 0
2 Michael Kostka Zach Bogosian 40 0 5 0
4 vs 4 Forward
Center Wing Time % Phy DF OF
1 Vincent Lecavalier Kyle Okposo 50 0 2 3
2 Ryan O'Reilly Andrei Loktionov 50 0 1 4
4 vs 4 Defense
Defense Defense Time % Phy DF OF
1 Kurtis Foster Jared Cowen 50 0 4 1
2 Michael Kostka Rob Scuderi 50 0 4 1
Last Minutes Offensive
Center Left Wing Right Wing Defense Defense
Vincent Lecavalier Evander Kane Kyle Okposo Zach Bogosian Jared Cowen
Last Minutes Defensive
Center Left Wing Right Wing Defense Defense
Brandon Sutter Evander Kane Zack Kassian Zach Bogosian Jared Cowen
Goaltenders
Starting : Robin Lehner
Backup : Jonas Hiller
Extra Forwards
Normal : Brandon Sutter, Ryan O'Reilly, Brad Richardson - PP : Matt Martin, Ryan O'Reilly - PK : Brad Richardson
Extra Defensemen
Normal : Zach Bogosian, Jared Cowen, Michael Kostka - PP : Zach Bogosian - PK : Jakub Kindl, Jared Cowen
Penalty Shots
Evander Kane, Vincent Lecavalier, Ryan O'Reilly, Andrei Loktionov, Kyle Okposo
Scratches
Darren Reid (Healthy), Ilya Kovalchuk (Broken Left Thumb Injury), Jordan Leopold (Healthy), Nathan Paetsch (Healthy), Andrew MacDonald (Healthy)
% Time on Ice - Canadiens
Lines # - Real PCT - Wanted PCT - Time Play
Normal Forward
1 - 38% - 40% - 19:43
2 - 25% - 30% - 12:53
3 - 23% - 20% - 12:02
4 - 14% - 10% - 7:26
Normal Defense
1 - 37% - 40% - 19:30
2 - 29% - 30% - 14:58
3 - 28% - 20% - 14:50
4 - 5% - 10% - 2:46
PP Forward
1 - 0% - 60%
2 - 0% - 40%
PP Defense
1 - 0% - 60%
2 - 0% - 40%
PK Forward
1 - 86% - 60% - 6:50
2 - 14% - 40% - 1:06
PK Defense
1 - 68% - 60% - 5:25
2 - 32% - 40% - 2:31
PK3 Forward
1 - 0% - 60%
2 - 0% - 40%
PK3 Defense
1 - 0% - 60%
2 - 0% - 40%
44 Forward
1 - 81% - 60% - 4:04
2 - 19% - 40% - 0:56
44 Defense
1 - 46% - 60% - 2:19
2 - 54% - 40% - 2:41
Last Minute Offensive - 0:00
Last Minute Defensive - 0:00
Total
Forward - 65:00
Defense - 65:00
|
% Time on Ice - Sabres
Lines # - Real PCT - Wanted PCT - Time Play
Normal Forward
1 - 34% - 38% - 17:53
2 - 28% - 30% - 14:43
3 - 23% - 20% - 11:44
4 - 15% - 12% - 7:44
Normal Defense
1 - 38% - 38% - 19:38
2 - 38% - 38% - 19:56
3 - 15% - 14% - 7:34
4 - 9% - 10% - 4:56
PP Forward
1 - 50% - 50% - 3:56
2 - 50% - 50% - 4:00
PP Defense
1 - 49% - 50% - 3:54
2 - 51% - 50% - 4:02
PK Forward
1 - 0% - 50%
2 - 0% - 50%
PK Defense
1 - 0% - 50%
2 - 0% - 50%
PK3 Forward
1 - 0% - 60%
2 - 0% - 40%
PK3 Defense
1 - 0% - 60%
2 - 0% - 40%
44 Forward
1 - 51% - 50% - 2:34
2 - 49% - 50% - 2:26
44 Defense
1 - 55% - 50% - 2:45
2 - 45% - 50% - 2:15
Last Minute Offensive - 0:00
Last Minute Defensive - 0:00
Total
Forward - 65:00
Defense - 65:00
|
Play by Play
1st period
0:01 of 1st period - Sidney Crosby wins face-off versus Evander Kane in neutral zone.
0:26 of 1st period - Raphael Diaz is hit by Andrei Loktionov and loses puck.
1:13 of 1st period - Wrist shot by Brandon Sutter.
1:13 of 1st period - Shot Misses the Net.
1:15 of 1st period - Slapshot by Jared Cowen.
1:15 of 1st period - Stopped by Henrik Lundqvist with a rebound.
1:17 of 1st period - Snap shot by Matt Martin.
1:17 of 1st period - Shot Misses the Net.
1:19 of 1st period - Slapshot by Michael Kostka.
1:19 of 1st period - Stopped by Henrik Lundqvist without a rebound.
1:20 of 1st period - Sidney Crosby wins face-off versus Ryan O'Reilly in Canadiens zone.
1:31 of 1st period - Snap shot by Sidney Crosby.
1:31 of 1st period - Shot Misses the Net.
1:59 of 1st period - Darcy Hordichuk is hit by Joe Pavelski and loses puck.
2:17 of 1st period - Wrist shot by Dustin Boyd.
2:17 of 1st period - Stopped by Robin Lehner with a rebound.
2:26 of 1st period - Minor Penalty to Dustin Boyd for Holding.
2:27 of 1st period - Jason Spezza wins face-off versus Ryan O'Reilly in Canadiens zone.
2:54 of 1st period - Jason Spezza is hit by Ronalds Kenins.
3:15 of 1st period - Marcel Goc is hit by Rob Scuderi and loses puck.
3:32 of 1st period - Wrist shot by Zack Kassian.
3:32 of 1st period - Shot Blocked by Dustin Kohn.
3:34 of 1st period - Slapshot by Jared Cowen.
3:34 of 1st period - Stopped by Henrik Lundqvist without a rebound.
3:35 of 1st period - Ryan O'Reilly wins face-off versus Jason Spezza in Canadiens zone.
3:36 of 1st period - Snap shot by Evander Kane.
3:36 of 1st period - Stopped by Henrik Lundqvist without a rebound.
3:37 of 1st period - Ryan O'Reilly wins face-off versus Jason Spezza in Canadiens zone.
4:26 of 1st period - Penalty to Dustin Boyd is over, Dustin Boyd is back on ice.
4:32 of 1st period - Slapshot by Jared Cowen.
4:32 of 1st period - Deflect By Scottie Upshall.
4:32 of 1st period - Goal by Scottie Upshall - Canadiens : 0 - Sabres : 1.
4:33 of 1st period - Ryan O'Reilly wins face-off versus Sidney Crosby in neutral zone.
4:46 of 1st period - Snap shot by Sidney Crosby.
4:46 of 1st period - Stopped by Robin Lehner without a rebound.
4:47 of 1st period - Sidney Crosby wins face-off versus Ryan O'Reilly in Sabres zone.
5:19 of 1st period - Slapshot by Jared Cowen.
5:19 of 1st period - Stopped by Henrik Lundqvist with a rebound.
5:23 of 1st period - Slapshot by Andrei Loktionov.
5:23 of 1st period - Stopped by Henrik Lundqvist without a rebound.
5:24 of 1st period - Dustin Boyd wins face-off versus Ryan O'Reilly in Canadiens zone.
5:40 of 1st period - Wrist shot by Evander Kane.
5:40 of 1st period - Shot Misses the Net.
5:50 of 1st period - Jared Cowen is hit by Evgeny Dadonov and loses puck.
6:41 of 1st period - Slapshot by Dustin Kohn.
6:41 of 1st period - Stopped by Robin Lehner with a rebound.
6:43 of 1st period - Snap shot by Dustin Kohn.
6:43 of 1st period - Stopped by Robin Lehner with a rebound.
7:13 of 1st period - Snap shot by Dustin Boyd.
7:13 of 1st period - Shot Blocked by Kurtis Foster.
8:14 of 1st period - Wrist shot by David Jones.
8:14 of 1st period - Shot Blocked by Michael Kostka.
8:34 of 1st period - Icing by Wes O'Neill.
8:35 of 1st period - Andrei Loktionov wins face-off versus Dustin Boyd in Canadiens zone.
8:44 of 1st period - Slapshot by Zach Bogosian.
8:44 of 1st period - Deflect By Adam Pardy.
8:44 of 1st period - Stopped by Henrik Lundqvist without a rebound.
8:45 of 1st period - Darcy Hordichuk wins face-off versus Sidney Crosby in Canadiens zone.
8:55 of 1st period - Off-side.
8:56 of 1st period - Sidney Crosby wins face-off versus Ryan O'Reilly in neutral zone.
9:01 of 1st period - Snap shot by Evgeny Dadonov.
9:01 of 1st period - Shot Misses the Net.
9:09 of 1st period - Wrist shot by Sidney Crosby.
9:09 of 1st period - Shot Misses the Net.
9:11 of 1st period - Slapshot by Raphael Diaz.
9:11 of 1st period - Shot Misses the Net.
9:13 of 1st period - Slapshot by Luke Schenn.
9:13 of 1st period - Stopped by Robin Lehner with a rebound.
9:50 of 1st period - Snap shot by Brad Richardson.
9:50 of 1st period - Shot Misses the Net.
9:52 of 1st period - Snap shot by Vincent Lecavalier.
9:52 of 1st period - Shot Misses the Net.
10:54 of 1st period - Michael Kostka is hit by Adam Pardy and loses puck.
11:17 of 1st period - Wrist shot by Zack Kassian.
11:17 of 1st period - Shot Blocked by Alexander Frolov.
11:19 of 1st period - Wrist shot by Darcy Hordichuk.
11:19 of 1st period - Stopped by Henrik Lundqvist with a rebound.
11:21 of 1st period - Slapshot by Jared Cowen.
11:21 of 1st period - Shot Blocked by Wes O'Neill.
11:23 of 1st period - Wrist shot by Darcy Hordichuk.
11:23 of 1st period - Deflect By Zack Kassian.
11:23 of 1st period - Stopped by Henrik Lundqvist without a rebound.
11:24 of 1st period - Ryan O'Reilly wins face-off versus Sidney Crosby in Canadiens zone.
11:54 of 1st period - Minor Penalty to Luke Schenn for Cross-checking.
11:55 of 1st period - Ryan O'Reilly wins face-off versus Dustin Boyd in Canadiens zone.
12:18 of 1st period - Jared Cowen is hit by Dustin Kohn and loses puck.
13:54 of 1st period - Penalty to Luke Schenn is over, Luke Schenn is back on ice.
14:25 of 1st period - Jakub Kindl is hit by Luke Schenn and loses puck.
15:14 of 1st period - Snap shot by Darcy Hordichuk.
15:14 of 1st period - Stopped by Henrik Lundqvist with a rebound.
15:28 of 1st period - Snap shot by Dustin Boyd.
15:28 of 1st period - Shot Misses the Net.
15:40 of 1st period - Luke Schenn is hit by Kyle Okposo and loses puck.
16:08 of 1st period - Jared Cowen is hit by Dustin Boyd and loses puck.
16:32 of 1st period - Zach Bogosian is hit by Sidney Crosby and loses puck.
16:47 of 1st period - Alexander Frolov is hit by Brandon Sutter.
17:39 of 1st period - Scottie Upshall is hit by Jason Spezza and loses puck.
18:25 of 1st period - Icing by Zack Kassian.
18:26 of 1st period - Sidney Crosby wins face-off versus Andrei Loktionov in Sabres zone.
18:43 of 1st period - Wrist shot by Greg Stewart.
18:43 of 1st period - Deflect By Sidney Crosby.
18:43 of 1st period - Stopped by Robin Lehner with a rebound.
19:38 of 1st period - Wrist shot by Kyle Okposo.
19:38 of 1st period - Shot Misses the Net.
19:58 of 1st period - Snap shot by Greg Stewart.
19:58 of 1st period - Stopped by Robin Lehner without a rebound.
19:59 of 1st period - Vincent Lecavalier wins face-off versus Sidney Crosby in Sabres zone.
Goals for this period are 0 for Canadiens vs 1 for Sabres.
Shots for this period are 7 for Canadiens vs 11 for Sabres.
2nd period
0:01 of 2nd period - Sidney Crosby wins face-off versus Ryan O'Reilly in neutral zone.
0:20 of 2nd period - Icing by Kyle Okposo.
0:21 of 2nd period - Jason Spezza wins face-off versus Ryan O'Reilly in Sabres zone.
0:24 of 2nd period - Wrist shot by Alexander Frolov.
0:24 of 2nd period - Shot Blocked by Evander Kane.
0:32 of 2nd period - Wrist shot by Jason Spezza.
0:32 of 2nd period - Stopped by Robin Lehner without a rebound.
0:33 of 2nd period - Vincent Lecavalier wins face-off versus Sidney Crosby in Sabres zone.
0:50 of 2nd period - Snap shot by Shaone Morrisonn.
0:50 of 2nd period - Stopped by Robin Lehner without a rebound.
0:51 of 2nd period - Ryan O'Reilly wins face-off versus Jason Spezza in Sabres zone.
1:52 of 2nd period - Darcy Hordichuk is hit by Enver Lisin.
2:34 of 2nd period - Slapshot by Adam Pardy.
2:34 of 2nd period - Deflect By Joe Pavelski.
2:34 of 2nd period - Shot Misses the Net.
2:34 of 2nd period - Puck is out of play.
2:35 of 2nd period - Sidney Crosby wins face-off versus Vincent Lecavalier in Sabres zone.
3:04 of 2nd period - Jason Spezza is hit by Jakub Kindl and loses puck.
3:11 of 2nd period - Wrist shot by Luke Schenn.
3:11 of 2nd period - Shot Blocked by Kurtis Foster.
3:13 of 2nd period - Wrist shot by Alexander Frolov.
3:13 of 2nd period - Shot Blocked by Kurtis Foster.
3:27 of 2nd period - Slapshot by David Jones.
3:27 of 2nd period - Shot Misses the Net.
3:29 of 2nd period - Wrist shot by Brock Nelson.
3:29 of 2nd period - Stopped by Robin Lehner without a rebound.
3:30 of 2nd period - Andrei Loktionov wins face-off versus Marcel Goc in Sabres zone.
3:47 of 2nd period - Snap shot by Zack Kassian.
3:47 of 2nd period - Shot Misses the Net.
3:49 of 2nd period - Slapshot by Rob Scuderi.
3:49 of 2nd period - Shot Misses the Net.
3:51 of 2nd period - Slapshot by Andrei Loktionov.
3:51 of 2nd period - Deflect By Zack Kassian.
3:51 of 2nd period - Shot Blocked by Dustin Kohn.
3:51 of 2nd period - Puck is out of play.
3:52 of 2nd period - Sidney Crosby wins face-off versus Ryan O'Reilly in Canadiens zone.
4:18 of 2nd period - Ronalds Kenins is hit by Raphael Diaz and loses puck.
4:31 of 2nd period - Wrist shot by Jason Spezza.
4:31 of 2nd period - Deflect By Alexander Frolov.
4:31 of 2nd period - Goal by Alexander Frolov - Canadiens : 1 - Sabres : 1.
4:32 of 2nd period - Evgeny Dadonov wins face-off versus Ryan O'Reilly in neutral zone.
4:41 of 2nd period - Wrist shot by Sidney Crosby.
4:41 of 2nd period - Shot Misses the Net.
5:16 of 2nd period - Icing by Jason Spezza.
5:17 of 2nd period - Jason Spezza wins face-off versus Ronalds Kenins in Canadiens zone.
5:53 of 2nd period - Minor Penalty to Dustin Boyd for High sticking.
5:54 of 2nd period - Jason Spezza wins face-off versus Ronalds Kenins in Canadiens zone.
6:05 of 2nd period - Wrist shot by Vincent Lecavalier.
6:05 of 2nd period - Shot Blocked by Shaone Morrisonn.
6:07 of 2nd period - Slapshot by Zach Bogosian.
6:07 of 2nd period - Shot Blocked by Shaone Morrisonn.
6:09 of 2nd period - Slapshot by Ronalds Kenins.
6:09 of 2nd period - Shot Misses the Net.
6:19 of 2nd period - Luke Schenn is hit by Ryan O'Reilly and loses puck.
7:53 of 2nd period - Penalty to Dustin Boyd is over, Dustin Boyd is back on ice.
8:30 of 2nd period - Brad Richardson is hit by Evgeny Dadonov and loses puck.
9:23 of 2nd period - Icing by David Jones.
9:24 of 2nd period - Marcel Goc wins face-off versus Andrei Loktionov in Canadiens zone.
9:31 of 2nd period - Zach Bogosian is hit by Wes O'Neill.
9:35 of 2nd period - Snap shot by Andrei Loktionov.
9:35 of 2nd period - Shot Hit the Post.
9:37 of 2nd period - Snap shot by Darcy Hordichuk.
9:37 of 2nd period - Shot Misses the Net.
10:00 of 2nd period - Dustin Kohn is hit by Ronalds Kenins.
10:08 of 2nd period - Snap shot by Greg Stewart.
10:08 of 2nd period - Goal by Greg Stewart - Canadiens : 2 - Sabres : 1.
10:09 of 2nd period - Jason Spezza wins face-off versus Ryan O'Reilly in neutral zone.
10:16 of 2nd period - Wrist shot by Jason Spezza.
10:16 of 2nd period - Stopped by Robin Lehner with a rebound.
10:54 of 2nd period - Brad Richardson is hit by Shaone Morrisonn and loses puck.
11:04 of 2nd period - Icing by Adam Pardy.
11:05 of 2nd period - Sidney Crosby wins face-off versus Ryan O'Reilly in Canadiens zone.
11:20 of 2nd period - Wrist shot by Evander Kane.
11:20 of 2nd period - Shot Misses the Net.
12:01 of 2nd period - Icing by Jakub Kindl.
12:02 of 2nd period - Vincent Lecavalier wins face-off versus Dustin Boyd in Sabres zone.
12:23 of 2nd period - Slapshot by Vincent Lecavalier.
12:23 of 2nd period - Shot Misses the Net.
12:25 of 2nd period - Backhand shot by Kurtis Foster.
12:25 of 2nd period - Shot Misses the Net.
12:27 of 2nd period - Snap shot by Jakub Kindl.
12:27 of 2nd period - Shot Blocked by Raphael Diaz.
12:29 of 2nd period - Snap shot by Ronalds Kenins.
12:29 of 2nd period - Deflect By Brad Richardson.
12:29 of 2nd period - Shot Misses the Net.
12:29 of 2nd period - Puck is out of play.
12:30 of 2nd period - Ryan O'Reilly wins face-off versus Jason Spezza in Canadiens zone.
12:31 of 2nd period - Wrist shot by Evander Kane.
12:31 of 2nd period - Shot Blocked by Alexander Frolov.
12:33 of 2nd period - Wrist shot by Kyle Okposo.
12:33 of 2nd period - Stopped by Henrik Lundqvist without a rebound.
12:34 of 2nd period - Ryan O'Reilly wins face-off versus Jason Spezza in Canadiens zone.
12:37 of 2nd period - Slapshot by Evander Kane.
12:37 of 2nd period - Goal by Evander Kane - Canadiens : 2 - Sabres : 2.
12:38 of 2nd period - Sidney Crosby wins face-off versus Ryan O'Reilly in neutral zone.
12:46 of 2nd period - Slapshot by Zach Bogosian.
12:46 of 2nd period - Shot Blocked by Raphael Diaz.
12:48 of 2nd period - Snap shot by Ryan O'Reilly.
12:48 of 2nd period - Stopped by Henrik Lundqvist without a rebound.
12:49 of 2nd period - Ryan O'Reilly wins face-off versus Jason Spezza in Canadiens zone.
12:52 of 2nd period - Snap shot by Kyle Okposo.
12:52 of 2nd period - Shot Blocked by Raphael Diaz.
12:58 of 2nd period - Snap shot by Joe Pavelski.
12:58 of 2nd period - Shot Blocked by Michael Kostka.
13:00 of 2nd period - Slapshot by Luke Schenn.
13:00 of 2nd period - Shot Misses the Net.
13:02 of 2nd period - Slapshot by Joe Pavelski.
13:02 of 2nd period - Shot Blocked by Jared Cowen.
13:04 of 2nd period - Snap shot by Jason Spezza.
13:04 of 2nd period - Stopped by Robin Lehner without a rebound.
13:05 of 2nd period - Andrei Loktionov wins face-off versus Sidney Crosby in Sabres zone.
14:01 of 2nd period - Backhand shot by Brandon Sutter.
14:01 of 2nd period - Shot Misses the Net.
14:03 of 2nd period - Wrist shot by Brandon Sutter.
14:03 of 2nd period - Stopped by Henrik Lundqvist with a rebound.
14:13 of 2nd period - Backhand shot by Enver Lisin.
14:13 of 2nd period - Shot Misses the Net.
14:39 of 2nd period - Off-side.
14:40 of 2nd period - Andrei Loktionov wins face-off versus Sidney Crosby in neutral zone.
15:32 of 2nd period - Snap shot by Vincent Lecavalier.
15:32 of 2nd period - Stopped by Henrik Lundqvist with a rebound.
15:34 of 2nd period - Slapshot by Rob Scuderi.
15:34 of 2nd period - Shot Misses the Net.
15:49 of 2nd period - Off-side.
15:50 of 2nd period - Jason Spezza wins face-off versus Brandon Sutter in neutral zone.
15:53 of 2nd period - Michael Kostka is hit by Raphael Diaz and loses puck.
16:16 of 2nd period - Jared Cowen is hit by Dustin Boyd and loses puck.
18:21 of 2nd period - Snap shot by Alexander Frolov.
18:21 of 2nd period - Shot Misses the Net.
19:02 of 2nd period - Shaone Morrisonn is hit by Zack Kassian and loses puck.
19:26 of 2nd period - Slapshot by Brock Nelson.
19:26 of 2nd period - Deflect By David Jones.
19:26 of 2nd period - Stopped by Robin Lehner without a rebound.
19:27 of 2nd period - Ryan O'Reilly wins face-off versus Sidney Crosby in Sabres zone.
19:32 of 2nd period - Ryan O'Reilly is hit by Adam Pardy and loses puck.
19:53 of 2nd period - Andrei Loktionov is hit by Jason Spezza and loses puck.
Goals for this period are 2 for Canadiens vs 1 for Sabres.
Shots for this period are 8 for Canadiens vs 5 for Sabres.
3rd period
0:01 of 3rd period - Sidney Crosby wins face-off versus Ryan O'Reilly in neutral zone.
0:27 of 3rd period - Andrei Loktionov is hit by Alexander Frolov and loses puck.
0:36 of 3rd period - Shaone Morrisonn is hit by Michael Kostka and loses puck.
0:54 of 3rd period - Brad Richardson is hit by Enver Lisin and loses puck.
1:59 of 3rd period - Wrist shot by Greg Stewart.
1:59 of 3rd period - Stopped by Robin Lehner with a rebound.
2:10 of 3rd period - Sidney Crosby is hit by Rob Scuderi and loses puck.
2:21 of 3rd period - Snap shot by Sidney Crosby.
2:21 of 3rd period - Stopped by Robin Lehner without a rebound.
2:22 of 3rd period - Brad Richardson wins face-off versus Jason Spezza in Sabres zone.
2:29 of 3rd period - Alexander Frolov is hit by Kurtis Foster and loses puck.
2:35 of 3rd period - Off-side.
2:36 of 3rd period - Ryan O'Reilly wins face-off versus Sidney Crosby in neutral zone.
2:41 of 3rd period - Off-side.
2:42 of 3rd period - Ryan O'Reilly wins face-off versus Sidney Crosby in neutral zone.
2:52 of 3rd period - Icing by Luke Schenn.
2:53 of 3rd period - Ryan O'Reilly wins face-off versus Sidney Crosby in Canadiens zone.
3:34 of 3rd period - Snap shot by Alexander Frolov.
3:34 of 3rd period - Stopped by Robin Lehner without a rebound.
3:35 of 3rd period - Dustin Boyd wins face-off versus Evander Kane in Sabres zone.
3:38 of 3rd period - Wrist shot by Brett Maclean.
3:38 of 3rd period - Goal by Brett Maclean - Canadiens : 3 - Sabres : 2.
3:39 of 3rd period - Ryan O'Reilly wins face-off versus Sidney Crosby in neutral zone.
3:50 of 3rd period - Wrist shot by Evander Kane.
3:50 of 3rd period - Shot Blocked by Luke Schenn.
3:58 of 3rd period - Ryan O'Reilly is hit by Sidney Crosby and loses puck.
4:51 of 3rd period - Dustin Kohn is hit by Scottie Upshall and loses puck.
5:17 of 3rd period - Wrist shot by Evander Kane.
5:17 of 3rd period - Shot Misses the Net.
5:33 of 3rd period - Darcy Hordichuk is hit by Wes O'Neill and loses puck.
5:55 of 3rd period - Slapshot by Adam Pardy.
5:55 of 3rd period - Deflect By Enver Lisin.
5:55 of 3rd period - Shot Misses the Net.
5:55 of 3rd period - Puck is out of play.
5:56 of 3rd period - Vincent Lecavalier wins face-off versus Dustin Boyd in Sabres zone.
5:56 of 3rd period - Vincent Lecavalier is hit by Dustin Boyd.
6:15 of 3rd period - Minor Penalty to Dustin Boyd for Hooking.
6:16 of 3rd period - Vincent Lecavalier wins face-off versus Jason Spezza in Canadiens zone.
7:04 of 3rd period - Wrist shot by Brock Nelson.
7:04 of 3rd period - Stopped by Robin Lehner without a rebound.
7:05 of 3rd period - Vincent Lecavalier wins face-off versus Marcel Goc in Sabres zone.
8:02 of 3rd period - Shaone Morrisonn is hit by Evander Kane and loses puck.
8:15 of 3rd period - Penalty to Dustin Boyd is over, Dustin Boyd is back on ice.
8:21 of 3rd period - Luke Schenn is hit by Matt Martin and loses puck.
9:12 of 3rd period - Wes O'Neill is hit by Ronalds Kenins and loses puck.
9:25 of 3rd period - Wes O'Neill is hit by Kurtis Foster and loses puck.
9:36 of 3rd period - Snap shot by Brock Nelson.
9:36 of 3rd period - Stopped by Robin Lehner without a rebound.
9:37 of 3rd period - Jason Spezza wins face-off versus Brandon Sutter in Sabres zone.
9:38 of 3rd period - Snap shot by Alexander Frolov.
9:38 of 3rd period - Deflect By Jason Spezza.
9:38 of 3rd period - Stopped by Robin Lehner with a rebound.
9:52 of 3rd period - Slapshot by Zach Bogosian.
9:52 of 3rd period - Stopped by Henrik Lundqvist with a rebound.
11:07 of 3rd period - Enver Lisin is hit by Scottie Upshall and loses puck.
11:23 of 3rd period - Off-side.
11:24 of 3rd period - Ryan O'Reilly wins face-off versus Sidney Crosby in neutral zone.
12:18 of 3rd period - Dustin Kohn is hit by Ryan O'Reilly and loses puck.
13:04 of 3rd period - Slapshot by Luke Schenn.
13:04 of 3rd period - Shot Blocked by Kurtis Foster.
13:40 of 3rd period - Backhand shot by Andrei Loktionov.
13:40 of 3rd period - Shot Misses the Net.
13:44 of 3rd period - Snap shot by Zack Kassian.
13:44 of 3rd period - Stopped by Henrik Lundqvist with a rebound.
14:04 of 3rd period - Snap shot by Ronalds Kenins.
14:04 of 3rd period - Stopped by Henrik Lundqvist with a rebound.
14:06 of 3rd period - Snap shot by Ronalds Kenins.
14:06 of 3rd period - Goal by Ronalds Kenins - Canadiens : 3 - Sabres : 3.
14:07 of 3rd period - Sidney Crosby wins face-off versus Andrei Loktionov in neutral zone.
14:20 of 3rd period - Luke Schenn is hit by Andrei Loktionov and loses puck.
14:58 of 3rd period - Jason Spezza is hit by Brandon Sutter and loses puck.
15:23 of 3rd period - Slapshot by Dustin Kohn.
15:23 of 3rd period - Stopped by Robin Lehner with a rebound.
15:33 of 3rd period - Snap shot by Sidney Crosby.
15:33 of 3rd period - Deflect By Evgeny Dadonov.
15:33 of 3rd period - Shot Hit the Post.
15:33 of 3rd period - Puck is out of play.
15:34 of 3rd period - Andrei Loktionov wins face-off versus Sidney Crosby in Sabres zone.
16:03 of 3rd period - Greg Stewart is hit by Michael Kostka and loses puck.
16:10 of 3rd period - Adam Pardy is hit by Andrei Loktionov and loses puck.
16:19 of 3rd period - Snap shot by Zack Kassian.
16:19 of 3rd period - Stopped by Henrik Lundqvist without a rebound.
16:20 of 3rd period - Vincent Lecavalier wins face-off versus Dustin Boyd in Canadiens zone.
16:30 of 3rd period - Wrist shot by Vincent Lecavalier.
16:30 of 3rd period - Shot Misses the Net.
16:51 of 3rd period - Wrist shot by Kyle Okposo.
16:51 of 3rd period - Stopped by Henrik Lundqvist without a rebound.
16:52 of 3rd period - Ryan O'Reilly wins face-off versus Jason Spezza in Canadiens zone.
17:07 of 3rd period - Wrist shot by Evander Kane.
17:07 of 3rd period - Stopped by Henrik Lundqvist with a rebound.
17:09 of 3rd period - Slapshot by Jared Cowen.
17:09 of 3rd period - Shot Misses the Net.
17:25 of 3rd period - Snap shot by Sidney Crosby.
17:25 of 3rd period - Stopped by Robin Lehner without a rebound.
17:26 of 3rd period - Vincent Lecavalier wins face-off versus Sidney Crosby in Sabres zone.
17:26 of 3rd period - Vincent Lecavalier is hit by Evgeny Dadonov.
17:52 of 3rd period - Greg Stewart is hit by Zach Bogosian and loses puck.
18:16 of 3rd period - Off-side.
18:17 of 3rd period - Ryan O'Reilly wins face-off versus Dustin Boyd in neutral zone.
18:41 of 3rd period - Ryan O'Reilly is hit by Brett Maclean.
18:47 of 3rd period - Wrist shot by Enver Lisin.
18:47 of 3rd period - Shot Blocked by Zach Bogosian.
18:49 of 3rd period - Snap shot by Wes O'Neill.
18:49 of 3rd period - Shot Blocked by Rob Scuderi.
18:51 of 3rd period - Slapshot by Brett Maclean.
18:51 of 3rd period - Shot Misses the Net.
18:53 of 3rd period - Snap shot by Brett Maclean.
18:53 of 3rd period - Stopped by Robin Lehner without a rebound.
18:54 of 3rd period - Sidney Crosby wins face-off versus Vincent Lecavalier in Sabres zone.
19:43 of 3rd period - Wrist shot by Brandon Sutter.
19:43 of 3rd period - Shot Misses the Net.
19:45 of 3rd period - Snap shot by Brandon Sutter.
19:45 of 3rd period - Shot Misses the Net.
19:47 of 3rd period - Snap shot by Brandon Sutter.
19:47 of 3rd period - Shot Misses the Net.
Goals for this period are 1 for Canadiens vs 1 for Sabres.
Shots for this period are 10 for Canadiens vs 7 for Sabres.
Overtime #1
0:01 of 1st overtime period - Sidney Crosby wins face-off versus Vincent Lecavalier in neutral zone.
0:08 of 1st overtime period - Slapshot by Sidney Crosby.
0:08 of 1st overtime period - Shot Misses the Net.
1:15 of 1st overtime period - Sidney Crosby is hit by Ryan O'Reilly and loses puck.
3:09 of 1st overtime period - Luke Schenn is hit by Jakub Kindl and loses puck.
3:20 of 1st overtime period - Brad Richardson is hit by Jason Spezza and loses puck.
4:28 of 1st overtime period - Zach Bogosian is hit by Evgeny Dadonov and loses puck.
4:39 of 1st overtime period - Dustin Kohn is hit by Jakub Kindl.
4:43 of 1st overtime period - Dustin Boyd is hit by Ryan O'Reilly and loses puck.
4:54 of 1st overtime period - Icing by Jakub Kindl.
4:55 of 1st overtime period - Sidney Crosby wins face-off versus Brandon Sutter in Sabres zone.
Goals for this period are 0 for Canadiens vs 0 for Sabres.
Shots for this period are 0 for Canadiens vs 0 for Sabres.
ShootOut
5:00 of 1st overtime period - Penalty Shot by Sidney Crosby for Canadiens.
5:00 of 1st overtime period - Backhand shot by Sidney Crosby.
5:00 of 1st overtime period - Stopped by Robin Lehner.
5:00 of 1st overtime period - Penalty Shot by Evander Kane for Sabres.
5:00 of 1st overtime period - Wrist shot by Evander Kane.
5:00 of 1st overtime period - Stopped by Henrik Lundqvist.
5:00 of 1st overtime period - Penalty Shot by Jason Spezza for Canadiens.
5:00 of 1st overtime period - Backhand shot by Jason Spezza.
5:00 of 1st overtime period - Stopped by Robin Lehner.
5:00 of 1st overtime period - Penalty Shot by Vincent Lecavalier for Sabres.
5:00 of 1st overtime period - Backhand shot by Vincent Lecavalier.
5:00 of 1st overtime period - Stopped by Henrik Lundqvist.
5:00 of 1st overtime period - Penalty Shot by Greg Stewart for Canadiens.
5:00 of 1st overtime period - Deke by Greg Stewart.
5:00 of 1st overtime period - Goal by Greg Stewart.
5:00 of 1st overtime period - Penalty Shot by Ryan O'Reilly for Sabres.
5:00 of 1st overtime period - Deke by Ryan O'Reilly.
5:00 of 1st overtime period - Stopped by Henrik Lundqvist.
Back to the Top